 Dungeon Crawl Stone Soup version 0.28-a0-95-g65e1ffefe4 (webtiles) character file.

Game seed: 6342566560864761604

159 Ezendos the Stinger (level 5, -1/35 HPs)
             Began as an Octopode Venom Mage on Aug 8, 2021.
             Splashed by a jelly's acid (6 damage)
             ... on level 4 of the Dungeon.
             The game lasted 00:06:55 (4214 turns).

Ezendos the Stinger (Octopode Venom Mage)           Turns: 4214, Time: 00:06:55

Health: -1/35      AC: -7    Str:  7    XL:     5   Next: 40%
Magic:  3/9        EV: 13    Int: 19    God:
Gold:   122        SH:  0    Dex: 12    Spells: 3/9 levels left

rFire   . . .      SeeInvis .   (no weapon)
rCold   . . .      Faith    .   (no shield)
rNeg    . . .      Spirit   .   (helmet restricted)
rPois   .          Reflect  .   (no amulet)
rElec   .          Harm     .   (no ring)
rCorr   .          Rampage  .   (no ring)
Will    .....                   (no ring)
Stlth   +++.......              (no ring)
HPRegen 0.11/turn               (no ring)
MPRegen 0.11/turn               (no ring)
                                (no ring)
                                (no ring)

@: corroded, very slightly contaminated
A: almost no armour, amphibious, 8 rings, camouflage 1, gelatinous body 1,
(nimble swimmer 1), tentacles
a: no special abilities


You were on level 4 of the Dungeon.
You visited 1 branch of the dungeon, and saw 4 of its levels.

You collected 122 gold pieces.

Inventory:

Scrolls
 b - a scroll of fog {unknown}
 d - 5 scrolls of identify {unknown}
 e - a scroll of acquirement {unknown}
 f - a scroll of holy word {unknown}
 g - a scroll of fear {unknown}
 h - a scroll of magic mapping {unknown}
 i - 2 scrolls of amnesia {unknown}
 j - a scroll of silence {unknown}
 k - a scroll of brand weapon {unknown}
 l - a scroll of vulnerability {unknown}
Potions
 a - 2 potions of lignification {unknown}
 c - a potion of curing {unknown}


   Skills:
 * Level 2.4 Fighting
 - Level 3.0 Dodging
 - Level 3.0 Stealth
 + Level 2.9 Spellcasting
 + Level 0.7 Necromancy
 - Level 1.0 Transmutations
 + Level 0.7 Air Magic
 + Level 4.2 Poison Magic


You had 3 spell levels left.
You knew the following spells:

 Your Spells              Type           Power      Damage    Failure   Level
a - Sting                 Tmut/Pois      48%        1d5       5%          1
b - Poisonous Vapours     Pois/Air       24%        N/A       9%          2
A - Sublimation of Blood  Necr           2%         N/A       17%         2
B - Animate Skeleton      Necr           10%        N/A       11%         1

Your spell library contained the following spells:

 Spells                   Type           Power      Damage    Failure   Level
 Apportation              Tloc           4%         N/A       16%         1
 Corona                   Hex            2%         N/A       16%         1
 Summon Small Mammal      Summ           8%         N/A       16%         1
 Wereblood                Tmut           6%         N/A       16%         2
 Mephitic Cloud           Conj/Pois/Air  9%         N/A       24%         3
 Olgreb's Toxic Radiance  Pois           19%        N/A       26%         4
 Fireball                 Conj/Fire      1%         3d3       99%         5
 Starburst                Conj/Fire      1%         8x6d3     100%        6
 Summon Hydra             Summ           1%         N/A       100%        7
 Ignition                 Fire           1%         3d3       100%        8


Dungeon Overview and Level Annotations

Branches:
Dungeon (4/15)
 Temple: D:4-7

Altars:
Kikubaaqudgha


Innate Abilities, Weirdness & Mutations

You cannot wear most types of armour.
You are amphibious.
You can wear up to eight rings at the same time.
Your skin changes colour to match your surroundings (Stealth+).
Your rubbery body absorbs attacks. (AC +1, EV +1)
((You are camouflaged near water. (Stealth+)))
You have tentacles for arms and can constrict up to eight enemies at once.


Message History

The jelly is moderately wounded.
The jelly hits you. The acid corrodes you!
You are splashed with acid.
Casting: Sting (safe; 5% risk of failure)
Confirm with . or Enter, or press ? or * to list all spells.
Aiming: Sting (safe; 5% risk of failure)
Press: ? - help, Shift-Dir - straight line, f/p - jelly
Aim: a jelly (moderately wounded, very poisoned, 100% to hit)
The sting hits the jelly.
The jelly partially resists.
The jelly is heavily wounded.
The jelly closely misses you.
Casting: Sting (safe; 5% risk of failure)
Confirm with . or Enter, or press ? or * to list all spells.
Aiming: Sting (safe; 5% risk of failure)
Press: ? - help, Shift-Dir - straight line, f/p - jelly
Aim: a jelly (severely wounded, very poisoned, 100% to hit)
You miscast Sting.
You are very lightly contaminated with residual magic.
Nothing appears to happen.
The jelly hits you.
You are splashed with acid!
Casting: Sting (safe; 5% risk of failure)
Confirm with . or Enter, or press ? or * to list all spells.
Aiming: Sting (safe; 5% risk of failure)
Press: ? - help, Shift-Dir - straight line, f/p - jelly
Aim: a jelly (severely wounded, very poisoned, 100% to hit)
The sting hits the jelly.
The jelly partially resists.
The jelly looks even sicker.
The jelly is severely wounded.
The jelly hits you. The acid corrodes you!
You are splashed with acid!
* * * LOW HITPOINT WARNING * * *
Casting: Sting (safe; 5% risk of failure)
Confirm with . or Enter, or press ? or * to list all spells.
Aiming: Sting (safe; 5% risk of failure)
Press: ? - help, Shift-Dir - straight line, f/p - jelly
Aim: a jelly (severely wounded, very poisoned, 100% to hit)
The sting hits the jelly.
The jelly partially resists.
The jelly looks as sick as possible!
The jelly is almost dead.
The jelly hits you.
* * * LOW HITPOINT WARNING * * *
You are splashed with acid.
You die...

. ###### ..#
#...#
##....##....#
#...#
#..@..'.....#
#...#
#..J..#.....#
#...# ##...##
##+## #...#
##### #...#
#...# #...#
#.<.# #...#


You could see a jelly (extremely poisoned).

Vanquished Creatures
  An ogre (D:3)
  An adder (D:2)
  3 gnolls (D:3)
  2 worms
  5 ball pythons
  5 bats (D:1)
  2 endoplasms
  2 goblins
  2 hobgoblins
  7 kobolds
  A quokka (D:1)
  3 frilled lizards (D:1)
  4 rats
38 creatures vanquished.

Notes
Turn   | Place    | Note
-------+----------+-------------------------------------------
     0 | D:1      | Ezendos the Octopode Venom Mage began the quest for the
                  | Orb.
     0 | D:1      | Reached XP level 1. HP: 11/11 MP: 3/3
   270 | D:1      | Reached XP level 2. HP: 18/18 MP: 1/5
  1233 | D:2      | Learned a level 2 spell: Poisonous Vapours
  1236 | D:2      | Learned a level 2 spell: Sublimation of Blood
  1420 | D:2      | Reached skill level 1 in Fighting
  1420 | D:2      | Reached skill level 4 in Poison Magic
  1420 | D:2      | Reached XP level 3. HP: 23/23 MP: 1/6
  3261 | D:3      | Reached XP level 4. HP: 10/29 MP: 1/7
  3612 | D:3      | Found a faded altar of an unknown god.
  3869 | D:3      | Found an ancient bone altar of Kikubaaqudgha.
  4064 | D:3      | Learned a level 1 spell: Animate Skeleton
  4109 | D:4      | Noticed an ogre
  4125 | D:3      | Killed an ogre
  4126 | D:3      | Reached XP level 5. HP: 29/35 MP: 0/9
  4214 | D:4      | Splashed by a jelly's acid

Illustrated notes

Levels and vault maps discovered:
D:1:      ebering_trefoil_3fold, layout_loops_ring, bh_walls_and_bars
D:2:      layout_loops_corners, serial_co_window_serial, co_window_paths_b,
          co_window_corner_a, co_window_cross_1, co_window_of_opportunity_a,
          co_window_of_opportunity_a, co_window_paths_c,
          co_window_unsneaky_path_a, co_window_paths_c, co_window_paths_d,
          co_window_paths_e, glass_columns_b, glass_columns_a
D:3:      layout_loops_ring, mainiacjoe_overflow_small_starburst,
          shapermc_ecumenical_altar_notcrosses
D:4:      layout_gridville, nicolae_overflow_hidden_temple, st_stairs_5,
          kennysheep_generic_room_12, uniq_pikel

Skill      XL: |  1  2  3  4 |
---------------+-------------+-----
Stealth        | 3 |  3.0
Fighting       | 1 2 |  2.4
Poison Magic   | 4 |  4.2
Dodging        | 3 |  3.0
Spellcasting   | |  2.9
Necromancy     | |  0.7
Transmutations | |  1.0
Air Magic      | |  0.7

Action                   |  1- 3 |  4- 6 || total
-------------------------+-------+-------++-------
Melee: Unarmed           |    29 |     4 ||    33
       Constrict         |     8 |     1 ||     9
       Tentacles         |     6 |     3 ||     9
 Cast: Sting             |    25 |    11 ||    36
       Poisonous Vapours |    26 |     9 ||    35
 Stab: Sleeping          |     1 |       ||     1
Armor: Skin              |     7 |       ||     7
Dodge: Dodged            |    23 |     6 ||    29

Table legend: (Time is in decaauts)
 A = Elapsed time spent in this place.
 B = Non-inter-level travel time spent in this place.
 C = Inter-level travel time spent in this place.
 D = Time resting spent in this place.
 E = Time spent auto-exploring this place.
 F = Levels seen in this place.
 G = Mean time per level.
                   A        B        C        D        E       F      G
               +--------+--------+--------+--------+--------+-----+--------+
         Total |   4217 |   4022 |    195 |    126 |   3166 |   4 | 1054.2 |
       Dungeon |   4217 |   4022 |    195 |    126 |   3166 |   4 | 1054.2 |
               +--------+--------+--------+--------+--------+-----+--------+

Top non-repeatable levels by time:
     D:2: 1642 daAuts
     D:3: 1353 daAuts
     D:1: 1145 daAuts
     D:4: 76 daAuts
